 Dungeon Sprint DCSS version 0.31-a0-844-gdc52ec4e09 (webtiles) character file.

Game seed: 3580055024985847489

262 sircluck the Ruffian (level 5, -5/61 HPs)
             Began as a Troll Berserker on Sept 29, 2023.
             Was an Elder of Trog.
             Slain by a warg (16 damage)
             ... in the Dungeon (Sprint VII: "The Pits").
             The game lasted 00:00:24 (206 turns).

sircluck the Ruffian (Troll Berserker)               Turns: 206, Time: 00:00:25

Health: -5/61      AC:  4    Str: 27    XL:     5   Next: 97%
Magic:  4/4        EV: 11    Int:  3    God:    Trog [****..]
Gold:   0          SH:  0    Dex:  9    Spells: 4/4 levels left

rFire   . .          .
                       - Unarmed
rCold   . . .        (no shield)
rNeg    . . .        a - +0 animal skin
rPois   .            (helmet restricted)
rElec   .            (no cloak)
rCorr   .            (gloves unavailable)
SInv    .            (boots unavailable)
Will    .....        (no amulet)
Stlth   +            (no ring)
HPRegen 1.10/turn    (no ring)
MPRegen 0.09/turn

%: no teleportation
@: on berserk cooldown, slowed, very slow
A: large, unfitting armour, claws 3, regeneration 1, shaggy fur 1, tough skin 1
a: Renounce Religion, Berserk, Trog's Hand, Brothers in Arms


You were in the Dungeon.
You worshipped Trog.
Trog was greatly pleased with you.
You visited 1 branch

Inventory:

Armour
 a - a +0 animal skin (worn)
Scrolls
 g - a scroll of blinking
 i - 2 scrolls of vulnerability
 j - a scroll of summoning
Potions
 b - 6 potions of curing
 c - 6 potions of heal wounds
 d - a potion of haste
 e - 4 potions of magic
 f - 3 potions of berserk rage
 h - 2 potions of invisibility


   Skills:
 + Level 6.5 Fighting
 + Level 6.4 Dodging
 + Level 7.7 Unarmed Combat


You had 4 spell levels left.
You didn't know any spells.
Your spell library was empty.

Dungeon Overview and Level Annotations

Branches:
Dungeon (1/1)

Altars:
Ashenzari
Cheibriados
Dithmenos
Elyvilon
Fedhas
Gozag
Hepliaklqana
Kikubaaqudgha
Makhleb
Nemelex Xobeh
Okawaru
Qazlal
Ru
Sif Muna
Trog
Uskayaw
Vehumet
Wu Jian
Xom
Yredelemnul
Zin
The Shining One
Jiyva
Lugonu


Innate Abilities, Weirdness & Mutations

You are too large for most types of armour.
You have claws for hands.
Your natural rate of healing is unusually fast.
You are covered in fur. (AC +1)
You have tough skin. (AC +1)


Message History

The black bear closely misses you.
You mangle the black bear!!
You kill the black bear!
Trog accepts your kill.
You can now call in reinforcements.
A bat skeleton comes into view.
Your Fighting skill increases to level 6!
Your Dodging skill increases to level 6!
Your Unarmed Combat skill increases to level 7!
You closely miss the ball python.
The ball python bites you but does no damage.
You mangle the ball python!!
You kill the ball python!
Trog accepts your kill. The warg closely misses you.
You barely miss the warg. The warg bites you!
You closely miss the warg. The warg bites you!
You claw the warg! Your claw misses the warg.
The warg is moderately wounded.
The warg barely misses you.
You closely miss the warg.
The warg is moderately wounded.
You claw the warg!
The warg is severely wounded.
You are no longer berserk.
You are exhausted.
You feel yourself slow down. The warg bites you!
You completely miss the warg. Your claw misses the warg.
The warg is severely wounded.
The warg bites you! x2
* * * LOW HITPOINT WARNING * * *
You barely miss the warg.
The warg is severely wounded.
The warg bites you.
* * * LOW HITPOINT WARNING * * *
The warg bites you.
* * * LOW HITPOINT WARNING * * *
You barely miss the warg. Your claw misses the warg.
The warg is severely wounded.
The warg bites you!
You die...

#_________.#
#_______...#######
##########'##.....
#.?(.')))'.##.....
##########.##.....
#..........)'.....
#'#####'#####.....
#.#..#..†'.##.....
#@#..#...#.#####'#
#h#..#####.##.....
#Z#..'...#.##.....
#.#..'...'.##.....
#.#.)########...<.
#.#..'[))).##.....
#.#..#[))).##.....
#'###########.....
#.. ######


You could see a warg and a bat skeleton.

Vanquished Creatures
  A black bear (D)
  A centaur (D)
  A bullfrog (D)
  2 river rats (D)
  An adder skeleton (D)
  A ball python (D)
  A bat zombie (D)
  An endoplasm (D)
  2 quokkas (D)
  A goblin (D)
12 creatures vanquished.

Notes
Turn   | Place    | Note
-------+----------+-------------------------------------------
     0 | D        | sircluck the Troll Berserker began the quest for the Orb.
     0 | D        | Reached XP level 1. HP: 22/22 MP: 0/0
    21 | D        | Found a bloodstained altar of Trog.
    21 | D        | Found a shimmering blue altar of Sif Muna.
    21 | D        | Found a viscous altar of Jiyva.
    21 | D        | Found a hazy altar of Hepliaklqana.
    21 | D        | Found an opulent altar of Gozag.
    22 | D        | Found a glowing golden altar of the Shining One.
    22 | D        | Found a glowing silver altar of Zin.
    22 | D        | Found a basalt altar of Yredelemnul.
    22 | D        | Found a shimmering altar of Xom.
    22 | D        | Found an ornate altar of the Wu Jian Council.
    22 | D        | Found a sacrificial altar of Ru.
    22 | D        | Found a stormy altar of Qazlal.
    22 | D        | Found an iron altar of Okawaru.
    22 | D        | Found a sparkling altar of Nemelex Xobeh.
    22 | D        | Found a burning altar of Makhleb.
    22 | D        | Found a blossoming altar of Fedhas.
    22 | D        | Found a white marble altar of Elyvilon.
    22 | D        | Found a shadowy altar of Dithmenos.
    22 | D        | Found a snail-covered altar of Cheibriados.
    26 | D        | Found a corrupted altar of Lugonu.
    26 | D        | Found a radiant altar of Vehumet.
    27 | D        | Found a broken altar of Ashenzari.
    27 | D        | Found an ancient bone altar of Kikubaaqudgha.
    27 | D        | Found a hide-covered altar of Uskayaw.
    68 | D        | Reached XP level 2. HP: 27/31 MP: 1/1
    70 | D        | Reached ** piety under Trog
    86 | D        | Reached skill level 4 in Unarmed Combat
    99 | D        | Noticed a centaur
   102 | D        | Reached *** piety under Trog
   106 | D        | Killed a centaur
   107 | D        | Reached skill level 5 in Fighting
   107 | D        | Reached skill level 5 in Unarmed Combat
   107 | D        | Reached XP level 3. HP: 18/42 MP: 2/2
   107 | D        | Reached XP level 4. HP: 21/50 MP: 3/3
   109 | D        | Reached skill level 5 in Dodging
   109 | D        | Reached skill level 6 in Unarmed Combat
   177 | D        | Noticed a bullfrog
   178 | D        | Noticed a black bear
   181 | D        | Noticed a warg
   192 | D        | Killed a bullfrog
   193 | D        | Reached XP level 5. HP: 59/59 MP: 4/4
   195 | D        | Killed a black bear
   195 | D        | Reached **** piety under Trog
   196 | D        | Reached skill level 7 in Unarmed Combat
   206 | D        | Slain by a warg

Illustrated notes

Levels and vault maps discovered:
D:        pitsprint [storerooms_1, entrance_room_1, metal_vault_2, armoury_3,
          mini_pit_1, grid_room_1, main_hall_1, silver_pit, the_coven_3,
          the_vestibule_1, steel_vault_1, golden_pit, hallway_of_sentries,
          crystal_vault_2, iron_vault_4, final_vault]

Skill      XL: |  1  2  3  4  5 |
---------------+----------------+-----
Fighting       | 3 5 6 |  6.5
Dodging        | 3 4 5 6 |  6.4
Unarmed Combat | 5 6 7 |  7.7

Action                     |  1- 3 |  4- 6 || total
---------------------------+-------+-------++-------
  Melee: Unarmed           |    17 |    21 ||    38
         Punch             |     1 |       ||     1
 Invoke: Berserk           |       |     1 ||     1
 Armour: Animal skin       |    14 |    18 ||    32
  Dodge: Dodged            |     6 |     8 ||    14

Table legend: (Time is in decaauts)
 A = Elapsed time spent in this place.
 B = Non-inter-level travel time spent in this place.
 C = Inter-level travel time spent in this place.
 D = Time resting spent in this place.
 E = Time spent auto-exploring this place.
 F = Levels seen in this place.
 G = Mean time per level.
                   A        B        C        D        E       F      G
               +--------+--------+--------+--------+--------+-----+--------+
         Total |    198 |    198 |      0 |      0 |    108 |   1 |  198.0 |
       Dungeon |    198 |    198 |      0 |      0 |    108 |   1 |  198.0 |
               +--------+--------+--------+--------+--------+-----+--------+

Top non-repeatable levels by time:
       D: 198 daAuts
